 Dungeon Crawl Stone Soup version 0.20.0-10-g0535bb4 (webtiles) character file.

2320 Minion the Cleaver (level 9, -5/69 HPs)
             Began as a Human Fighter on June 5, 2017.
             Was a Priest of Okawaru.
             Slain by an orc warrior
             ... wielding a +0 battleaxe
              (20 damage)
             ... on level 7 of the Dungeon.
             The game lasted 00:14:18 (6451 turns).

Minion the Cleaver (Human Fighter)                  Turns: 6451, Time: 00:14:18

Health: -5/69      AC: 19    Str: 20    XL:     9   Next: 69%
Magic:  6/9        EV: 11    Int:  8    God:    Okawaru [***...]
Gold:   258        SH:  0    Dex: 13    Spells: 8/8 levels left

rFire    . . .     SeeInvis .   a - +1 war axe
rCold    . . .     Gourm    .   (no shield)
rNeg     . . .     Faith    .   l - +0 plate armour
rPois    .         Spirit   .   t - +1 helmet
rElec    .         Reflect  .   (no cloak)
rCorr    .         Harm     .   (no gloves)
MR       .....                  h - +0 pair of boots
Stlth    ..........             (no amulet)
Regen    0.3/turn               (no ring)
MPRegen  0.2/turn               (no ring)

@: heroism
A: no striking features
a: Heroism, Renounce Religion


You were on level 7 of the Dungeon.
You worshipped Okawaru.
Okawaru was most pleased with you.
You were not hungry.

You visited 2 branches of the dungeon, and saw 8 of its levels.

You collected 338 gold pieces.
You spent 80 gold pieces at shops.

Inventory:

Hand Weapons
 a - a +1 war axe (weapon)
Armour
 h - a +0 pair of boots (worn)
 l - a +0 plate armour (worn)
 t - a +1 helmet (worn)
Magical Staves
 z - an uncursed staff of earth
Wands
 q - a wand of iceblast (10/15)
 w - a wand of iceblast (7/15)
Scrolls
 c - a scroll of identify
 e - a scroll of fear {unknown}
 k - 3 scrolls of enchant weapon
 s - a scroll of enchant armour
 x - a scroll of magic mapping {unknown}
 y - 2 scrolls of remove curse
 A - a scroll of recharging
Potions
 b - a potion of haste
 d - a potion of might
 g - 3 potions of curing
 m - 3 potions of lignification
 n - a potion of invisibility {unknown}
 p - a potion of agility {unknown}
 r - 2 potions of mutation {unknown}
 u - 2 potions of ambrosia {unknown}
 v - 2 potions of resistance {unknown}
Books
 j - a book of Minor Magic

   Spells                             Type                      Level
   a - Magic Dart                     Conjuration                  1
   b - Blink                          Translocation                2
   c - Call Imp                       Summoning                    2
   d - Slow                           Hexes                        2
   e - Conjure Flame                  Conjuration/Fire             3
   f - Mephitic Cloud                 Conjuration/Poison/Air       3
 o - a book of Cantrips

   Spells                             Type                      Level
   a - Confusing Touch                Hexes                        1
   b - Animate Skeleton               Necromancy                   1
   c - Summon Small Mammal            Summoning                    1
   d - Apportation                    Translocation                1
Comestibles
 f - 5 bread rations
 i - 3 meat rations


   Skills:
 + Level 6.2(11.2) Fighting
 * Level 8.2(13.2) Axes
 + Level 6.2(11.2) Armour
 + Level 5.2(10.2) Dodging
   Level 3.0(8.0) Shields


You had 8 spell levels left.
You didn't know any spells.

Dungeon Overview and Level Annotations

Branches:
Dungeon (7/15)             Temple (1/1) D:4

Altars:
Ashenzari
Cheibriados
Dithmenos
Elyvilon
Fedhas
Gozag
Hepliaklqana
Kikubaaqudgha
Makhleb
Nemelex Xobeh
Okawaru
Qazlal
Ru
Sif Muna
Trog
Uskayaw
Vehumet
Xom
Yredelemnul
Zin
The Shining One

Shops:
D:4 !


Message History

All of the chunks of flesh in your inventory have rotted away.
You hit the orc.
The orc is almost dead.
The orc wizard is no longer moving quickly.
You hit the orc warrior.
The orc warrior is lightly wounded.
The orc warrior hits you with a battleaxe!
* * * LOW HITPOINT WARNING * * *
Your plate armour prevents you from hitting the orc warrior.
The orc warrior is lightly wounded.
You hit the orc warrior.
The orc warrior is moderately wounded.
The orc warrior hits you with a battleaxe.
* * * LOW HITPOINT WARNING * * *
The orc wizard casts a spell.
The orc wizard flickers and vanishes!
Deactivating autopickup; reactivate with Ctrl-A.
You gain the combat prowess of a mighty hero.
The orc warrior hits you with a battleaxe!!
You die...

..... #....# ..... #....# #####
..... #....##### #^... ....%
#........# #.### .$.. #........#
#.### #..##........####### #.#..
#..........oo##....# #.#.#
###..........lo##....########.#.#
..........).oo{o@........<...>#.#
###......##..hh##....##########.#
#......##....##....# #.#
##.######....##....# #.# #..
#....##....# #.# #.. #....##....#
#.# #.. ##'####....# #.# #. #.#
#....# #####.# ###### #.....#


You could see an orc warrior, a howler monkey, an iguana, a hound and 4 orcs.

Vanquished Creatures
  Pikel (D:5)
  2 hippogriffs (D:7)
  Edmund (D:5)
  A slave (D:5)
  A sky beast (D:5)
  2 ogres
  A centaur (D:7)
  2 bullfrogs
  2 howler monkeys
  A crimson imp (D:6)
  2 jellies
  2 gnoll shamans
  2 hounds (D:5)
  An orc priest (D:4)
  An orc wizard (D:4)
  A centaur skeleton (D:5)
  7 worker ants
  A hound skeleton (D:7)
  A hound zombie (D:6)
  Robin (D:4)
  A worker ant zombie (D:6)
  13 gnolls
  A howler monkey skeleton (D:5)
  7 adders
  2 oozes (D:4)
  An adder skeleton (D:4)
  8 worms
  2 dart slugs (D:1)
  8 leopard geckos
  11 orcs
  2 ball pythons (D:2)
  5 bats
  A bat zombie (D:2)
  3 giant cockroaches
  11 hobgoblins
  11 jackals
  A quokka (D:3)
  5 frilled lizards
  10 goblins
  9 kobolds
  A leopard gecko skeleton (D:5)
  A leopard gecko zombie (D:2)
  5 rats
152 creatures vanquished.

Vanquished Creatures (others)
  A gnoll (D:5)
  A giant cockroach (D:5)
2 creatures vanquished.

Grand Total: 154 creatures vanquished

Notes
Turn   | Place    | Note
-------+----------+-------------------------------------------
     0 | D:1      | Minion the Human Fighter began the quest for the Orb.
     0 | D:1      | Reached XP level 1. HP: 18/18 MP: 1/1
    72 | D:1      | Reached XP level 2. HP: 20/24 MP: 2/2
   396 | D:1      | Reached XP level 3. HP: 29/29 MP: 3/3
   770 | D:2      | Reached skill level 1 in Dodging
   814 | D:2      | Reached skill level 3 in Axes
  1137 | D:2      | Reached XP level 4. HP: 35/35 MP: 4/4
  1726 | D:3      | Reached XP level 5. HP: 37/41 MP: 5/5
  2038 | D:3      | Reached skill level 4 in Axes
  2637 | D:4      | Reached XP level 6. HP: 34/47 MP: 6/6
  2813 | D:4      | Noticed Robin
  2826 | D:4      | Killed Robin
  2882 | D:4      | Found a staircase to the Ecumenical Temple.
  2900 | Temple   | Entered the Ecumenical Temple
  3234 | Temple   | Became a worshipper of Warmaster Okawaru
  3375 | D:4      | Found Veosoe's Distillery.
  3398 | D:4      | Bought a potion of curing for 30 gold pieces
  3398 | D:4      | Bought a potion of heal wounds for 50 gold pieces
  3505 | D:4      | Reached XP level 7. HP: 41/53 MP: 7/7
  3586 | D:4      | Reached skill level 5 in Axes
  4022 | D:5      | Entered Level 5 of the Dungeon
  4055 | D:4      | Reached * piety under Okawaru
  4281 | D:5      | Reached XP level 8. HP: 43/61 MP: 8/8
  4565 | D:5      | Noticed Pikel
  4603 | D:5      | Killed Pikel
  4603 | D:5      | Reached ** piety under Okawaru
  4603 | D:5      | Reached skill level 5 in Fighting
  4603 | D:5      | Reached skill level 6 in Axes
  4603 | D:5      | Reached skill level 5 in Armour
  4781 | D:5      | Noticed Edmund
  4791 | D:5      | Killed Edmund
  4791 | D:5      | Reached skill level 7 in Axes
  4807 | D:5      | Reached *** piety under Okawaru
  4810 | D:5      | Reached XP level 9. HP: 38/68 MP: 9/9
  6197 | D:7      | Noticed a hippogriff
  6214 | D:7      | Killed a hippogriff
  6214 | D:7      | Reached skill level 5 in Dodging
  6417 | D:7      | Noticed a hippogriff
  6437 | D:7      | Killed a hippogriff
  6437 | D:7      | Reached skill level 8 in Axes
  6451 | D:7      | Slain by an orc warrior

Skill      XL: |  1  2  3  4  5  6  7  8  9 |
---------------+----------------------------+-----
Dodging        | 1 2 3 4 5 |  5.2
Axes           | 3 4 5 7 8 |  8.2
Armour         | 4 5 6 |  6.2
Fighting       | 4 5 6 |  6.2
Shields        | |  3.0

Action                   |  1- 3 |  4- 6 |  7- 9 || total
-------------------------+-------+-------+-------++-------
Melee: War axe           |    94 |   275 |   251 ||   620
       Punch             |       |       |     1 ||     1
Invok: Heroism           |       |       |     5 ||     5
  Use: Scroll            |       |     5 |     2 ||     7
       Potion            |       |     1 |     1 ||     2
  Eat: Chunk             |     1 |     8 |    10 ||    19
Armor: Scale mail        |    16 |       |       ||    16
       Plate armour      |    73 |   233 |   219 ||   525
Dodge: Dodged            |    35 |   100 |   102 ||   237
